 Dungeon Crawl Stone Soup version 0.31-b1-22-gc680215f68 (webtiles) character file.

Game seed: 13158399468111064344

267 sadbutuwu the Slasher (level 6, -1/47 HPs)
             Began as a Demonspawn Gladiator on Jan 18, 2024.
             Slain by an iguana (7 damage)
             ... on level 6 of the Dungeon.
             The game lasted 00:26:49 (2095 turns).

sadbutuwu the Slasher (Demonspawn Gladiator)        Turns: 2095, Time: 00:26:50

Health: -1/47      AC:  7    Str: 17 (20) XL:     6   Next: 0%
Magic:  6/6        EV: 13    Int:  7 (8)  God:
Gold:   155        SH:  0    Dex: 15 (17) Spells: 5/5 levels left

rFire   x . .        a - +0 long sword (spect)
rCold   + . .        (no shield)
rNeg    . . .        b - +0 leather armour
rPois   .            c - +0 helmet
rElec   .            j - +0 cloak
rCorr   .            (no gloves)
SInv    .            (no boots)
Will    .....        (no amulet)
Stlth   +            g - ring of protection from cold
HPRegen 0.27/turn    h - +6 ring of strength
MPRegen 0.10/turn

%: no passive effects
@: lethally poisoned (-1 -> -3)
A: yellow scales 1, ignite blood 1, spiny 1, heat vulnerability 1
a: no special abilities


You were on level 6 of the Dungeon.
You visited 1 branch of the dungeon, and saw 5 of its levels.

You collected 155 gold pieces.

Inventory:

Hand Weapons
 a - a +0 spectral long sword (weapon)
Missiles
 d - 3 throwing nets (quivered)
 e - a javelin
Armour
 b - a +0 leather armour (worn)
 c - a +0 helmet (worn)
 j - a +0 cloak (worn)
Jewellery
 g - a ring of protection from cold (left hand)
 h - a +6 ring of strength (right hand)
Scrolls
 f - a scroll of fog
 l - a scroll of summoning {unknown}
 m - a scroll of silence {unknown}
Potions
 k - 2 potions of curing
 n - a potion of magic {unknown}


   Skills:
 + Level 3.1 Fighting
 + Level 4.7 Long Blades
 + Level 1.9 Throwing
 + Level 1.6 Armour
 + Level 3.3 Dodging
 + Level 0.7 Stealth


You had 5 spell levels left.
You didn't know any spells.
Your spell library contained the following spells:

 Spells                   Type           Power      Damage    Failure   Level
 Apportation              Tloc           0%         N/A       50%         1
 Necrotise                Necr           0%         1d4       50%         1
 Sting                    Conj/Alch      0%         1d3       50%         1
 Summon Small Mammal      Summ           0%         N/A       50%         1
 Sculpt Simulacrum        Ice/Alch       0%         N/A       100%        6
 Ozocubu's Refrigeration  Ice            0%         4d7       100%        7
 Polar Vortex             Ice            0%         N/A       100%        9


Dungeon Overview and Level Annotations

Branches:
Dungeon (4/15)
 Temple: D:4-7

Altars:
Nemelex Xobeh
Okawaru
Ru
Uskayaw
Wu Jian

Shops:
D:2 ??*:


Innate Abilities, Weirdness & Mutations

You are partially covered in yellow scales. (AC +2)
Your demonic aura sometimes causes spilled blood to erupt in flames.
You are partially covered in sharp spines.
You are vulnerable to heat. (rF-)


Message History

* * * LOW HITPOINT WARNING * * *
You feel very sick. The scorpion completely misses you.
You barely miss the scorpion.
The scorpion is moderately wounded.
* * * LOW HITPOINT WARNING * * *
You feel very sick. The scorpion completely misses you.
The scorpion is struck by your spines. The scorpion barely misses you.
You feel better. The scorpion barely misses you.
You hit the scorpion but do no damage.
The scorpion is moderately wounded.
The scorpion is struck by your spines. The scorpion closely misses you.
You hit the scorpion.
The scorpion is heavily wounded.
The scorpion stings you.
* * * LOW HITPOINT WARNING * * *
The scorpion stings you.
* * * LOW HITPOINT WARNING * * *
You are poisoned.
The scorpion poisons you!
It was a potion of degeneration.
There was something very wrong with that liquid.
You feel weakened.
You feel dopey.
You feel clumsy.
You feel sick. The scorpion is struck by your spines.
The scorpion barely misses you.
You closely miss the scorpion.
The scorpion is severely wounded.
You feel sick. The scorpion is struck by your spines.
The scorpion stings you but does no damage.
The scorpion is struck by your spines.
You kill the scorpion!
You feel your dexterity returning.
You have reached level 6!
Your demonic ancestry asserts itself...
Your blood heats up.
You feel sick.
You feel sick.
You feel sick. The iguana bites you!
You die...

. ...####.# .## .....#.. ....
......# .).) ...#.# .._..##.##.#
.).).#..##.#
.........#.######################
#..........†l@...............#
#...####....##########.#####.##
.[...# #.##.# ........# #.# ###..
#.##.# #######.# #.# ... .....#
#.# #.# ###. #.###.# #.#####.# #
#. ### #.......# #. #.####### #.#


You could see an iguana.

Vanquished Creatures
  An ogre (D:3)
  A scorpion (D:6)
  Terence (D:3)
  4 adders
  2 dart slugs
  A ribbon worm (D:2)
  9 ball pythons
  8 endoplasms
  A giant cockroach (D:2)
  7 goblins
  2 hobgoblins (D:2)
  3 jackals (D:2)
  4 quokkas
  7 bats
  A frilled lizard (D:3)
  2 kobolds (D:2)
  3 rats
57 creatures vanquished.

Notes
Turn   | Place    | Note
-------+----------+-------------------------------------------
     0 | D:1      | sadbutuwu the Demonspawn Gladiator began the quest for the
                  | Orb.
     0 | D:1      | Reached XP level 1. HP: 16/16 MP: 1/1
   136 | D:1      | Reached skill level 3 in Long Blades
   233 | D:1      | Gained mutation: You are partially covered in sharp spines.
                  | [demonic ancestry]
   233 | D:1      | Reached XP level 2. HP: 21/22 MP: 2/2
   331 | D:1      | Identified the +7 short sword of Gluttony {heavy, Int+5}
   792 | D:2      | Gained mutation: You are partially covered in yellow
                  | scales. (AC +2) [demonic ancestry]
   792 | D:2      | Reached XP level 3. HP: 28/28 MP: 3/3
   877 | D:2      | Found Lokhlenock's Magic Scroll Boutique.
  1101 | D:2      | Found Jykim Gikhla's Magic Scroll Boutique.
  1166 | D:2      | Gained mutation: You are vulnerable to heat. (rF-) [potion
                  | of mutation]
  1211 | D:2      | Found Pidoirgha's Assorted Antiques.
  1262 | D:2      | Found Saofenn's Book Shop.
  1332 | D:3      | Found a hide-covered altar of Uskayaw.
  1332 | D:3      | Noticed an ogre
  1348 | D:3      | Killed an ogre
  1349 | D:3      | Reached skill level 4 in Long Blades
  1349 | D:3      | Reached skill level 1 in Armour
  1349 | D:3      | Reached XP level 4. HP: 34/34 MP: 4/4
  1349 | D:3      | Reached XP level 5. HP: 40/40 MP: 5/5
  1352 | D:3      | Found a sparkling altar of Nemelex Xobeh.
  1362 | D:3      | Found a sacrificial altar of Ru.
  1465 | D:3      | Noticed Terence
  1480 | D:3      | Killed Terence
  1639 | D:3      | Found a faded altar of an unknown god.
  1646 | D:3      | Found an ornate altar of the Wu Jian Council.
  2035 | D:4      | You fall into a shaft and drop 2 floors!
  2067 | D:6      | Found an iron altar of Okawaru.
  2093 | D:6      | Gained mutation: Your demonic aura sometimes causes spilled
                  | blood to erupt in flames. [demonic ancestry]
  2093 | D:6      | Reached XP level 6. HP: 8/47 MP: 6/6
  2095 | D:6      | Slain by an iguana

Illustrated notes

Levels and vault maps discovered:
D:1:      giann_forest_graveyard, layout_basic, serial_bayou_pond_a,
          nrook_campfire, kennysheep_small_spiral, kennysheep_nondescript,
          minivault_5, minmay_tall_x
D:2:      layout_rooms, serial_shops, shop, shop, nicolae_shop_gibbet_a_chance,
          nicolae_shop_rolled_up
D:3:      layout_rooms, lemuel_tele_altar, nicolae_ru_sacrificial_ziggurat,
          nemelex_xobeh_ov_fountains_minmay, nicolae_uskayaw_suspiria,
          nicolae_ecumenical_snake_handling, uniq_terence
D:4:      layout_loops_ring, nicolae_dithmenos_shadow_blocks, minitemple,
          uniq_duvessa
D:6:      minmay_opposing_rooms, layout_basic, mainiacjoe_overflow_catwalk,
          dk_yredelemnul_ordeal, okawaru_ov_weapons_minmay,
          corexii_corridor_pit, uniq_eustachio

Skill      XL: |  1  2  3  4  5 |
---------------+----------------+-----
Long Blades    | 3 4 |  4.7
Dodging        | 3 |  3.3
Armour         | 1 |  1.6
Fighting       | 3 |  3.1
Throwing       | |  1.9
Stealth        | |  0.7

Action                     |  1- 3 |  4- 6 || total
---------------------------+-------+-------++-------
  Melee: Long sword        |    75 |    34 ||   109
    Use: Scroll            |     8 |       ||     8
         Potion            |     4 |     2 ||     6
   Stab: Sleeping          |     1 |       ||     1
 Armour: Leather armour    |    41 |    25 ||    66
  Dodge: Dodged            |    45 |    22 ||    67
